 Dungeon Crawl Stone Soup version 0.29-a0-923-g6e406bff71 (webtiles) character file.

Game seed: 4940104683659818235

939 greasedhog the Covert (level 8, -11/48 HPs)
             Began as a Gargoyle Brigand on July 27, 2022.
             Mangled by Menkaure (20 damage)
             ... on level 5 of the Dungeon.
             The game lasted 00:10:49 (6360 turns).

greasedhog the Covert (Gargoyle Brigand)            Turns: 6360, Time: 00:10:50

Health: -11/48     AC: 11    Str: 14    XL:     8   Next: 12%
Magic:  8/8        EV: 12    Int: 13    God:
Gold:   356        SH:  0    Dex: 13    Spells: 7/7 levels left

rFire   . . .      SeeInvis .   b - +0 short sword (drain)
rCold   . . .      Faith    .   (no shield)
rNeg    + . .      Spirit   .   y - +0 leather armour
rPois   ∞          Reflect  .   x - +2 hat
rElec   +          Harm     .   n - +0 cloak
rCorr   .          Rampage  .   (no gloves)
Will    .....                   (no boots)
Stlth   ++++......              (no amulet)
HPRegen 0.16/turn               (no ring)
MPRegen 0.11/turn               (no ring)

@: no status effects
A: sickness immunity, AC +5, negative energy resistance 1, electricity
resistance, torment resistance 1, petrification resistance
a: no special abilities


You were on level 5 of the Dungeon.
You visited 2 branches of the dungeon, and saw 6 of its levels.

You collected 356 gold pieces.

Inventory:

Hand Weapons
 a - a +2 dagger
 b - a +0 short sword of draining (weapon)
 c - a +3 sling
 t - a +0 dagger of venom
 v - a +0 arbalest
Missiles
 d - 9 poisoned darts (quivered)
 e - 3 curare-tipped darts
 r - a throwing net
 w - 3 atropa-tipped darts
Armour
 n - a +0 cloak (worn)
 x - a +2 hat (worn)
 y - a +0 leather armour (worn)
Wands
 z - a wand of flame (26)
Scrolls
 i - a scroll of amnesia
 j - 3 scrolls of butterflies
 l - 4 scrolls of teleportation
 p - 2 scrolls of magic mapping
 s - a scroll of immolation
Potions
 f - a potion of might
 k - a potion of resistance {unknown}
 m - a potion of cancellation {unknown}
 o - 4 potions of brilliance {unknown}
 q - a potion of invisibility {unknown}
 u - 3 potions of curing {unknown}


   Skills:
 * Level 4.5 Fighting
 - Level 5.0 Short Blades
 - Level 1.7 Throwing
 * Level 2.3 Dodging
 - Level 8.1 Stealth


You had 7 spell levels left.
You didn't know any spells.
Your spell library contained the following spells:

 Spells                   Type           Power      Damage    Failure   Level
 Foxfire                  Conj/Fire      0%         2x1d4     36%         1
 Summon Small Mammal      Summ           0%         N/A       36%         1
 Ensorcelled Hibernation  Hex/Ice        0%         N/A       52%         2
 Passwall                 Tmut/Erth      0%         N/A       52%         2
 Scorch                   Fire           0%         2d5       52%         2
 Conjure Flame            Conj/Fire      0%         6-21      75%         3
 Inner Flame              Hex/Fire       0%         N/A       75%         3
 Mephitic Cloud           Conj/Pois/Air  0%         N/A       75%         3
 Summon Guardian Golem    Hex/Summ       0%         N/A       75%         3
 Swiftness                Air            0%         N/A       75%         3
 Corpse Rot               Necr/Pois/Air  0%         N/A       98%         4
 Flame Wave               Conj/Fire      0%         2d4       98%         4
 Olgreb's Toxic Radiance  Pois           0%         N/A       98%         4
 Summon Cactus Giant      Summ           0%         N/A       100%        6
 Orb of Destruction       Conj           0%         9d5       100%        7
 Spellforged Servitor     Conj/Summ      0%         N/A       100%        7


Dungeon Overview and Level Annotations

Branches:
Dungeon (5/15)             Temple (1/1) D:4

Altars:
Ashenzari
Cheibriados
Elyvilon
Kikubaaqudgha
Qazlal
Ru
Vehumet
Wu Jian
Yredelemnul
The Shining One
Lugonu

Portals:
Abyss: D:4

Annotations:
D:5 Menkaure


Innate Abilities, Weirdness & Mutations

You are immune to sickness and miasma.
Your stone body is resilient. (AC +5)
You are immune to poison.
You resist negative energy. (rN+)
You are resistant to electric shocks. (rElec)
You are resistant to unholy torment.
You are immune to petrification.


Message History

The phantom is almost destroyed.
The phantom hits you but does no damage.
You completely miss the phantom.
The phantom is almost destroyed.
The phantom misses you.
You hit the phantom.
The phantom is almost destroyed.
The phantom closely misses you.
You barely miss the phantom.
The phantom is almost destroyed.
The phantom hits you but does no damage.
You hit the phantom.
You destroy the phantom!
You hit Menkaure.
Menkaure is lightly damaged.
Menkaure closely misses you.
You barely miss Menkaure.
Menkaure is lightly damaged.
Menkaure hits you!
You hit Menkaure but do no damage.
Menkaure is lightly damaged.
Menkaure hits you but does no damage.
You hit Menkaure.
Menkaure is moderately damaged.
Menkaure casts a spell at you. Pain shoots through your body!
You barely miss Menkaure.
Menkaure is moderately damaged.
Menkaure hits you.
You hit Menkaure but do no damage.
Menkaure is moderately damaged.
Menkaure barely misses you. Menkaure hits you!
You closely miss Menkaure.
Menkaure is moderately damaged.
Menkaure hits you!
* * * LOW HITPOINT WARNING * * *
Menkaure attacks as you move away! Menkaure barely misses you.
Menkaure giggles, "These cerements are ticklish..."
Menkaure hits you!!
You die...

#.# #...# ## #.#
##### ####. #.#
######.... #.#
#......### #.#
#.###..#
####.#### #.#
#..# #.......#
#.###..#
#.##M##.#
#......### #
#@##.# ######....
#.<#.# #####
##.#.# # ....
######### ....
#....<.## ....#
##.####.## .#...
..........
.......##.####.##
#.)...[#


You could see Menkaure (fast).

Vanquished Creatures
  A black bear (D:5)
  2 phantoms
  2 scorpions (D:5)
  3 hounds
  A jelly (D:4)
  5 orc priests
  6 orc wizards
  5 adders
  4 gnolls (D:5)
  3 worms
  A dart slug (D:3)
  12 orcs
  3 ball pythons
  2 bats (D:2)
  9 endoplasms
  3 giant cockroaches
  A goblin (D:2)
  3 hobgoblins
  5 jackals
  A quokka (D:3)
  4 frilled lizards
  8 kobolds
  3 rats (D:2)
  A spectral orc (D:4)
  2 lurking horrors (D:4)
90 creatures vanquished.

Notes
Turn   | Place    | Note
-------+----------+-------------------------------------------
     0 | D:1      | greasedhog the Gargoyle Brigand began the quest for the
                  | Orb.
     0 | D:1      | Reached XP level 1. HP: 12/12 MP: 1/1
   408 | D:1      | Reached XP level 2. HP: 17/17 MP: 2/2
   965 | D:1      | Found a faded altar of an unknown god.
  1349 | D:2      | Reached skill level 5 in Stealth
  1373 | D:2      | Reached XP level 3. HP: 20/21 MP: 3/3
  1614 | D:2      | Got the Handbook of Called Pestilence
  2014 | D:3      | Reached XP level 4. HP: 18/26 MP: 4/4
  2556 | D:4      | Reached skill level 6 in Stealth
  2556 | D:4      | Reached XP level 5. HP: 20/30 MP: 5/5
  2792 | D:4      | Found an ancient bone altar of Kikubaaqudgha.
  2877 | D:4      | Found a basalt altar of Yredelemnul.
  3017 | D:4      | Reached XP level 6. HP: 4/35 MP: 6/6
  3757 | D:4      | Found a one-way gate to the infinite horrors of the Abyss.
  3757 | D:4      | Found a corrupted altar of Lugonu.
  4230 | D:4      | Reached skill level 7 in Stealth
  4258 | D:4      | Found a staircase to the Ecumenical Temple.
  4263 | Temple   | Entered the Ecumenical Temple
  4748 | D:5      | Entered Level 5 of the Dungeon
  4754 | D:5      | Reached XP level 7. HP: 37/40 MP: 7/7
  4835 | D:4      | Reached skill level 5 in Short Blades
  5464 | D:5      | Found a stormy altar of Qazlal.
  5590 | D:4      | HP: 2/40 [something (4)]
  5602 | D:4      | Reached skill level 8 in Stealth
  5925 | D:5      | Reached skill level 1 in Dodging
  6020 | D:5      | Found a glowing golden altar of the Shining One.
  6151 | D:5      | Reached XP level 8. HP: 48/48 MP: 8/8
  6336 | D:5      | Noticed Menkaure
  6360 | D:5      | Mangled by Menkaure

Illustrated notes

Levels and vault maps discovered:
D:1:      ebering_hopf_link, layout_basic,
          shapermc_ecumenical_altar_mp_ritualfount
D:2:      layout_rooms
D:3:      layout_rooms, minmay_hedge_maze, st_stairs_1,
          minmay_misc_feat_enclosed
D:4:      layout_rooms, yredelemnul_forgotten_temple_becter,
          kiku_gazebo_pond_becter, minmay_temple_entry_nine_rooms,
          amcnicky_altar_lugonu_corruption
D:5:      layout_loops_cross, grunt_qazlal_clouds,
          nicolae_tso_swordbearing_angel, uniq_menkaure
Temple:   nicolae_temple_superstar

Skill      XL: |  1  2  3  4  5  6  7  8 |
---------------+-------------------------+-----
Short Blades   | 2 3 4 5 |  5.0
Stealth        | 5 6 7 8 |  8.1
Fighting       | 4 |  4.5
Dodging        | 1 2 |  2.3
Throwing       | |  1.7

Action                   |  1- 3 |  4- 6 |  7- 9 || total
-------------------------+-------+-------+-------++-------
Melee: Dagger            |    23 |       |       ||    23
       Short sword       |    51 |   124 |    94 ||   269
       Punch             |     1 |     2 |     1 ||     4
 Fire: Sling             |    25 |       |       ||    25
       Arbalest          |     1 |    41 |    33 ||    75
  Use: Scroll            |     5 |     2 |     2 ||     9
       Potion            |       |       |     5 ||     5
 Stab: Sleeping          |     7 |       |       ||     7
Armor: Robe              |    24 |     2 |       ||    26
       Leather armour    |       |    70 |    61 ||   131
Dodge: Dodged            |    37 |    78 |    57 ||   172

Table legend: (Time is in decaauts)
 A = Elapsed time spent in this place.
 B = Non-inter-level travel time spent in this place.
 C = Inter-level travel time spent in this place.
 D = Time resting spent in this place.
 E = Time spent auto-exploring this place.
 F = Levels seen in this place.
 G = Mean time per level.
                   A        B        C        D        E       F      G
               +--------+--------+--------+--------+--------+-----+--------+
         Total |   6392 |   6282 |    110 |   1746 |   3630 |   6 | 1065.3 |
       Dungeon |   6260 |   6168 |     92 |   1746 |   3524 |   5 | 1252.0 |
        Temple |    131 |    113 |     18 |      0 |    106 |   1 |  131.0 |
               +--------+--------+--------+--------+--------+-----+--------+

Top non-repeatable levels by time:
     D:3: 1755 daAuts
     D:4: 1663 daAuts
     D:1: 1160 daAuts
     D:5: 1124 daAuts
     D:2: 556 daAuts
  Temple: 131 daAuts
